NYP
SPOKANE INDIANS @ VANCOUVER CANADIANS
04/14/2046
 
TOP OF THE 1ST
Spokane Indians batting - Pitching for Vancouver Canadians : RHP William Cordero
Pitching: RHP William Cordero
Batting: LHB Jesus Romero 0-0: Foul Ball, location: 2F
0-1: Ball
1-1: Ball
2-1: Foul Ball, location: 2F
2-2: Foul Ball, location: 2F
2-2: SINGLE (Flyball, 8RS, EV 86.2 MPH)
Batting: RHB Jose Leon 0-0: Ball
1-0: Fly out, F8 (Flyball, 8LM, EV 85.0 MPH)
Batting: SHB Kaname Fujimoto 0-0: Ball
1-0: Called Strike
1-1: Ball
2-1: Foul Ball, location: 2F
2-2: Ball
3-2: Ground out 4-3 (Groundball, 4, EV 100.0 MPH)
Jesus Romero to second
Batting: LHB Mike Sammons 0-0: Ball
1-0: Called Strike
1-1: Ball
2-1: Foul Ball, location: 2F
2-2: Ball
3-2: Foul Ball, location: 2F
3-2: Fly out, F3 (Line Drive, 3L, EV 76.9 MPH)
Top of the 1st over - 0 runs, 1 hit, 0 errors, 1 left on base; Spokane 0 - Vancouver 0
BOTTOM OF THE 1ST
Vancouver Canadians batting - Pitching for Spokane Indians : RHP Taylor Drews
Pitching: RHP Taylor Drews
Batting: RHB Justin Geiger 0-0: Ball
1-0: Called Strike
1-1: DOUBLE (Line Drive, 89XD, EV 111.9 MPH)
Batting: LHB Ray Whitehead 0-0: Foul Ball, location: 2F
0-1: Foul Ball, location: 2F
0-2: Ball
1-2: Ball
2-2: Ball
3-2: Ground out 4-3 (Groundball, 4, EV 86.9 MPH)
Justin Geiger to third
Batting: RHB Tristan Dennis 0-0: Swinging Strike
0-1: Ball
1-1: Foul Ball, location: 2F
1-2: Ball
2-2: Strikes out swinging
Batting: LHB Sonny Flood 0-0: Ball
1-0: Ball
2-0: Called Strike
2-1: SINGLE (Groundball, 34D, EV 101.2 MPH)
Justin Geiger scores
Batting: RHB Lee McKay 0-0: Called Strike
Sonny Flood steals 2nd base
0-1: Ball
1-1: Foul Ball, location: 2F
1-2: Ball
2-2: Ball
3-2: Strikes out swinging
Bottom of the 1st over - 1 run, 2 hits, 0 errors, 1 left on base; Spokane 0 - Vancouver 1
TOP OF THE 2ND
Spokane Indians batting - Pitching for Vancouver Canadians : RHP William Cordero
Batting: RHB Luke Stark 0-0: Called Strike
0-1: Foul Ball, location: 2F
0-2: Ball
1-2: Foul Ball, location: 2F
1-2: Ball
2-2: Ground out 1-3 (Groundball, 13, EV 68.1 MPH)
Batting: RHB Matt Strong 0-0: Foul Ball, location: 2F
0-1: Foul Ball, location: 2F
0-2: Ball
1-2: Strikes out looking
Batting: LHB Casper Kersten 0-0: Ball
1-0: Ground out 6-3 (Groundball, 4M, EV 80.6 MPH)
Top of the 2nd over - 0 runs, 0 hits, 0 errors, 0 left on base; Spokane 0 - Vancouver 1
BOTTOM OF THE 2ND
Vancouver Canadians batting - Pitching for Spokane Indians : RHP Taylor Drews
Batting: SHB Scott Robbins 0-0: Ground out 3-1 (Groundball, 34S, EV 88.1 MPH)
Batting: RHB Kyle Scruggs 0-0: Foul Ball, location: 2F
0-1: Ball
1-1: Ball
2-1: Hit by Pitch
Batting: RHB Jose Garza 0-0: Swinging Strike
0-1: Called Strike
0-2: Ball
1-2: Strikes out swinging
Batting: RHB Bobby Lasaguna 0-0: Ball
1-0: Foul Ball, location: 2F
1-1: Fly out, F7 (Flyball, 7S, EV 91.2 MPH)
Bottom of the 2nd over - 0 runs, 0 hits, 0 errors, 1 left on base; Spokane 0 - Vancouver 1
TOP OF THE 3RD
Spokane Indians batting - Pitching for Vancouver Canadians : RHP William Cordero
Batting: RHB Darnell Jones 0-0: Ball
1-0: Ball
2-0: Called Strike
2-1: Foul Ball, location: 2F
2-2: Foul Ball, location: 2F
2-2: Strikes out swinging
Batting: RHB Reilly Hawkins 0-0: Foul Ball, location: 2F
0-1: Called Strike
0-2: Ball
1-2: Ball
2-2: Ball
3-2: Base on Balls
Batting: LHB Jesus Romero 0-0: Called Strike
0-1: Called Strike
0-2: Foul Ball, location: 2F
0-2: Fly out, F7 (Line Drive, 78M, EV 103.8 MPH)
Batting: RHB Jose Leon 0-0: Called Strike
0-1: Ball
1-1: Called Strike
Pickoff Throw to First - Out! 1-3 CS
Top of the 3rd over - 0 runs, 0 hits, 0 errors, 0 left on base; Spokane 0 - Vancouver 1
BOTTOM OF THE 3RD
Vancouver Canadians batting - Pitching for Spokane Indians : RHP Taylor Drews
Batting: RHB Justin Geiger 0-0: Swinging Strike
0-1: SINGLE (Line Drive, 6MD, EV 98.1 MPH)
Batting: LHB Ray Whitehead 0-0: Ball
Justin Geiger steals 2nd base
1-0: Ball
2-0: SINGLE (Groundball, 3D, EV 94.4 MPH)
Justin Geiger to third
Batting: RHB Tristan Dennis 0-0: Fly out, F3 (Line Drive, 3L, EV 68.8 MPH)
Batting: LHB Sonny Flood 0-0: Called Strike
Ray Whitehead steals 2nd base (no throw)
0-1: Swinging Strike
0-2: Strikes out swinging
Batting: RHB Lee McKay 0-0: Foul Ball, location: 2F
0-1: Ground out 4-3 (Groundball, 4M, EV 93.8 MPH)
Bottom of the 3rd over - 0 runs, 2 hits, 0 errors, 2 left on base; Spokane 0 - Vancouver 1
TOP OF THE 4TH
Spokane Indians batting - Pitching for Vancouver Canadians : RHP William Cordero
Batting: RHB Jose Leon 0-0: Called Strike
0-1: Foul Ball, location: 2F
0-2: Foul Ball, location: 2F
0-2: Ball
1-2: Fly out, F7 (Flyball, 7, EV 93.8 MPH)
Batting: SHB Kaname Fujimoto 0-0: Ground out 4-3 (Groundball, 34D, EV 76.2 MPH)
Batting: LHB Mike Sammons 0-0: Ball
1-0: Called Strike
1-1: Ball
2-1: Ball
3-1: Base on Balls
Batting: RHB Luke Stark 0-0: Foul Ball, location: 2F
0-1: Ball
1-1: Foul Ball, location: 2F
1-2: Ground out 4-3 (Groundball, 34, EV 82.5 MPH)
Top of the 4th over - 0 runs, 0 hits, 0 errors, 1 left on base; Spokane 0 - Vancouver 1
BOTTOM OF THE 4TH
Vancouver Canadians batting - Pitching for Spokane Indians : RHP Taylor Drews
Batting: SHB Scott Robbins 0-0: Called Strike
0-1: Swinging Strike
0-2: Foul Ball, location: 2F
0-2: Foul Ball, location: 2F
0-2: Ground out 4-3 (Groundball, 4MS, EV 89.4 MPH)
Batting: RHB Kyle Scruggs 0-0: Ground out 6-3 (Groundball, 6, EV 105.0 MPH)
Batting: RHB Jose Garza 0-0: Ground out U3 (Groundball, 3S, EV 85.0 MPH)
Bottom of the 4th over - 0 runs, 0 hits, 0 errors, 0 left on base; Spokane 0 - Vancouver 1
TOP OF THE 5TH
Spokane Indians batting - Pitching for Vancouver Canadians : RHP William Cordero
Batting: RHB Matt Strong 0-0: Ball
1-0: SINGLE (Groundball, 56D, EV 94.4 MPH)
Batting: LHB Casper Kersten 0-0: Called Strike
0-1: Ball
1-1: Foul Ball, location: 2F
1-2: Foul Ball, location: 2F
1-2: Ball
Wild Pitch!
Matt Strong to second
2-2: Foul Ball, location: 2F
2-2: Ball
3-2: Foul Ball, location: 2F
3-2: Foul Ball, location: 2F
3-2: Base on Balls
Batting: RHB Darnell Jones 0-0: Called Strike
0-1: Ball
1-1: Swinging Strike
1-2: Ball
2-2: SINGLE (Groundball, 34, EV 99.4 MPH)
Matt Strong to third
Casper Kersten to second
Pinch Hitting: LHB Gabriel Graves 0-0: Foul Ball, location: 2F
0-1: Ball
1-1: Fly out, F9 (Flyball, 9, EV 89.4 MPH)
Batting: LHB Jesus Romero 0-0: Called Strike
0-1: Ball
1-1: Hit by Pitch
Matt Strong scores
Casper Kersten to third
Darnell Jones to second
Batting: RHB Jose Leon 0-0: Foul Ball, location: 2F
0-1: Ball
1-1: Ball
2-1: Called Strike
2-2: Grounds into fielders choice 4-2 (Groundball, 4, EV 84.4 MPH)
Darnell Jones to third
Jesus Romero to second
Batting: SHB Kaname Fujimoto 0-0: Called Strike
0-1: Hit by Pitch
Darnell Jones scores
Jesus Romero to third
Jose Leon to second
Batting: LHB Mike Sammons 0-0: Called Strike
0-1: Ball
1-1: Foul Ball, location: 2F
1-2: Foul Ball, location: 2F
1-2: Strikes out swinging
Top of the 5th over - 2 runs, 2 hits, 0 errors, 3 left on base; Spokane 2 - Vancouver 1
BOTTOM OF THE 5TH
Vancouver Canadians batting - Pitching for Spokane Indians : RHP Taylor Drews
Now at 2B: Gabriel Graves
Now at 3B: Luke Stark
Batting: RHB Bobby Lasaguna 0-0: Swinging Strike
0-1: Called Strike
0-2: Ball
1-2: Ball
2-2: Ball
3-2: Strikes out looking
Batting: RHB Justin Geiger 0-0: Ball
1-0: Swinging Strike
1-1: DOUBLE (Line Drive, 7LS, EV 114.4 MPH)
Batting: LHB Ray Whitehead 0-0: Ball
Justin Geiger steals 3rd base
1-0: Ball
2-0: Called Strike
2-1: Ground out 6-3 (Groundball, 4, EV 86.2 MPH)
Pinch Hitting: LHB Roald Jacobs 0-0: Ground out 4-3 (Groundball, 4S, EV 85.6 MPH)
Bottom of the 5th over - 0 runs, 1 hit, 0 errors, 1 left on base; Spokane 2 - Vancouver 1
TOP OF THE 6TH
Spokane Indians batting - Pitching for Vancouver Canadians : RHP William Cordero
Pitching: RHP Humberto Gutierrez
Now at 2B: Porter Welsh
Batting: RHB Luke Stark 0-0: Called Strike
0-1: Swinging Strike
0-2: Foul Ball, location: 2F
0-2: Ball
1-2: Ball
2-2: Strikes out swinging
Batting: RHB Matt Strong 0-0: Ball
1-0: Foul Ball, location: 2F
1-1: Ball
2-1: Swinging Strike
2-2: Foul Ball, location: 2F
2-2: Ground out 4-3 (Groundball, 4, EV 101.9 MPH)
Batting: LHB Casper Kersten 0-0: Ball
1-0: Ball
2-0: Foul Ball, location: 2F
2-1: Swinging Strike
2-2: Ball
3-2: Base on Balls
Batting: RHB Darnell Jones 0-0: Called Strike
0-1: Ball
1-1: Ball
2-1: Foul Ball, location: 2F
2-2: Ball
3-2: Foul Ball, location: 2F
3-2: Fly out, F8 (Flyball, 8RD, EV 101.9 MPH)
Top of the 6th over - 0 runs, 0 hits, 0 errors, 1 left on base; Spokane 2 - Vancouver 1
BOTTOM OF THE 6TH
Vancouver Canadians batting - Pitching for Spokane Indians : RHP Taylor Drews
Batting: LHB Sonny Flood 0-0: Ball
1-0: Foul Ball, location: 2F
1-1: Ball
2-1: Fly out, F4 (Popup, 34S, EV 75.0 MPH)
Batting: RHB Lee McKay 0-0: Ball
1-0: SINGLE (Groundball, 4MD, EV 98.1 MPH)
Batting: SHB Scott Robbins 0-0: Ball
1-0: Ball
2-0: Ball
3-0: Base on Balls
Lee McKay to second
Batting: RHB Kyle Scruggs 0-0: Called Strike
Balk!
Lee McKay to third
Scott Robbins to second
0-1: Ball
1-1: Foul Ball, location: 2F
1-2: Foul Ball, location: 2F
1-2: Strikes out looking
Pitching: RHP Adam Sullivan
Pinch Hitting: SHB Jose Garcia 0-0: Called Strike
0-1: Called Strike
0-2: Ball
1-2: Ground out 5-3 (Groundball, 5S, EV 74.4 MPH)
Bottom of the 6th over - 0 runs, 1 hit, 0 errors, 2 left on base; Spokane 2 - Vancouver 1
TOP OF THE 7TH
Spokane Indians batting - Pitching for Vancouver Canadians : RHP Humberto Gutierrez
Pitching: LHP John Joaquin
Now at SS: Jose Garcia
Pinch Hitting: RHB Casey Nelligan 0-0: Ball
1-0: Called Strike
1-1: Fly out, F7 (Flyball, 78D, EV 91.9 MPH)
Batting: LHB Jesus Romero 0-0: Ball
1-0: Ball
2-0: Foul Ball, location: 2F
2-1: Foul Ball, location: 2F
2-2: Ground out 4-3 (Groundball, 4, EV 88.8 MPH)
Pitching: RHP Andy Lee
Batting: RHB Jose Leon 0-0: Foul Ball, location: 2F
0-1: Ball
1-1: Foul Ball, location: 2F
1-2: Fly out, F7 (Flyball, 7S, EV 92.5 MPH)
Top of the 7th over - 0 runs, 0 hits, 0 errors, 0 left on base; Spokane 2 - Vancouver 1
BOTTOM OF THE 7TH
Vancouver Canadians batting - Pitching for Spokane Indians : RHP Adam Sullivan
Now at 1B: Herb Craig
Now at 2B: Casey Nelligan
Now in LF: Matt Strong
Now in RF: Sergio Zamora
Batting: RHB Bobby Lasaguna 0-0: Ball
1-0: SINGLE (Line Drive, 9S, EV 106.9 MPH)
Pinch Hitting: LHB Devin Huber
Pitching: LHP Aapo Talonen 0-0: Ball
Bobby Lasaguna steals 2nd base
1-0: TRIPLE (Line Drive, 89XD, EV 101.9 MPH)
Bobby Lasaguna scores
Pinch Hitting: RHB Takanibu Kaneshiro 0-0: Ball
1-0: Swinging Strike
1-1: Called Strike
1-2: Ball
Wild Pitch!
Devin Huber scores
2-2: Strikes out swinging
Pitching: RHP Jamal Kilburn
Batting: RHB Porter Welsh 0-0: Swinging Strike
0-1: Ball
1-1: SINGLE (Line Drive, 3D, EV 105.6 MPH)
Batting: LHB Sonny Flood 0-0: Called Strike
0-1: Called Strike
0-2: Ball
1-2: Ball
2-2: Strikes out swinging
Batting: RHB Lee McKay 0-0: Called Strike
Porter Welsh is caught stealing 2nd base 2-4
Bottom of the 7th over - 2 runs, 3 hits, 0 errors, 0 left on base; Spokane 2 - Vancouver 3
TOP OF THE 8TH
Spokane Indians batting - Pitching for Vancouver Canadians : RHP Andy Lee
Now at 1B: Jose Garcia
Now at SS: Alex Vazquez
Now in LF: Sonny Flood
Now in CF: Dan Hilyer
Batting: RHB Sergio Zamora 0-0: Ball
1-0: Called Strike
1-1: Foul Ball, location: 2F
1-2: Fly out, F9 (Flyball, 89D, EV 100.0 MPH)
Batting: LHB Mike Sammons 0-0: Called Strike
0-1: Ball
1-1: Ball
2-1: Foul Ball, location: 2F
2-2: Ground out 4-3 (Groundball, 34S, EV 91.2 MPH)
Batting: RHB Luke Stark 0-0: Ball
1-0: Foul Ball, location: 2F
1-1: Ball
2-1: Foul Ball, location: 2F
2-2: Strikes out looking
Top of the 8th over - 0 runs, 0 hits, 0 errors, 0 left on base; Spokane 2 - Vancouver 3
BOTTOM OF THE 8TH
Vancouver Canadians batting - Pitching for Spokane Indians : RHP Jamal Kilburn
Pitching: RHP Shan-tang Chi
Batting: RHB Lee McKay 0-0: Called Strike
0-1: Foul Ball, location: 2F
0-2: Strikes out looking
Batting: SHB Scott Robbins 0-0: Ground out 2-3 (Groundball, 2R, EV 68.1 MPH)
Batting: RHB Kyle Scruggs 0-0: Called Strike
0-1: Swinging Strike
0-2: Ground out 4-3 (Groundball, 34, EV 106.2 MPH)
Bottom of the 8th over - 0 runs, 0 hits, 0 errors, 0 left on base; Spokane 2 - Vancouver 3
TOP OF THE 9TH
Spokane Indians batting - Pitching for Vancouver Canadians : RHP Andy Lee
Pitching: RHP Sergio Valdivia
Now at 1B: Alex Vazquez
Now at SS: Carlos Renteria
Now in CF: Adam Santarelli
Now in RF: Dan Hilyer
Batting: RHB Matt Strong 0-0: Foul Ball, location: 2F
0-1: Ball
1-1: Ball
2-1: Ball
3-1: Called Strike
3-2: Base on Balls
Batting: LHB Casper Kersten 0-0: Foul Ball, location: 2F
0-1: Ball
1-1: Ball
2-1: Foul Ball, location: 2F
2-2: Grounds out, U3 (Groundball, 3L, EV 90.6 MPH)
Batting: RHB Darnell Jones 0-0: Ball
1-0: Called Strike
1-1: Fly out, F6 (Popup, 4MD, EV 69.4 MPH)
Batting: RHB Casey Nelligan 0-0: Ball
1-0: SINGLE (Groundball, 56D, EV 103.1 MPH)
Matt Strong to third
Runner from 3rd tries for Home, SAFE, throw by LF to home
Pinch Hitting: SHB Josh Schultze 0-0: Foul Ball, location: 2F
0-1: Ball
1-1: Called Strike
1-2: Strikes out swinging
Top of the 9th over - 1 run, 1 hit, 0 errors, 1 left on base; Spokane 3 - Vancouver 3
BOTTOM OF THE 9TH
Vancouver Canadians batting - Pitching for Spokane Indians : RHP Shan-tang Chi
Pitching: RHP Torsten Fisher
Now at 1B: Ryan Pastore
Pinch Hitting: RHB Nikita Schram 0-0: Called Strike
0-1: Swinging Strike
0-2: Ball
1-2: Ball
2-2: TRIPLE (Flyball, 9LD, EV 91.2 MPH)
Batting: RHB Bobby Lasaguna 0-0: Bunted foul
0-1: Squeeze Bunt to 15S - play home, runner OUT, batter safe! 1-2
Pinch Hitting: RHB Cesar Chavez 0-0: Ball
Bobby Lasaguna steals 2nd base
1-0: Intentional Walk
Batting: RHB Alex Vazquez 0-0: Ball
Wild Pitch!
Bobby Lasaguna to third
Cesar Chavez to second
1-0: Fly out, F8 (Flyball, 8RD, EV 108.1 MPH)
Runner from 3rd tags up, SCORES, no throw by CF
Bottom of the 9th over - 1 run, 1 hit, 0 errors, 1 left on base; Spokane 3 - Vancouver 4
Tuesday, September 13th , 2022 - OOTP Baseball 23.7 Build 88